 Dungeon Crawl Stone Soup version 0.20.1-1-g8b1a95d66d (webtiles) character file.

105 Hvezdomuz the Cutter (level 5, 0/31 HPs)
             Began as a Kobold Warper on Dec 3, 2017.
             Succumbed to an adder's poison
             ... in a sewer.
             The game lasted 00:16:15 (2332 turns).

Hvezdomuz the Cutter (Kobold Warper)                Turns: 2332, Time: 00:16:16

Health: 0/31       AC:  4    Str: 11    XL:     5   Next: 9%
Magic:  3/8        EV: 15    Int: 14    God:
Gold:   72         SH:  0    Dex: 15    Spells: 2/9 levels left

rFire    . . .     SeeInvis .   a - +0 short sword
rCold    . . .     Gourm    .   (shield restricted)
rNeg     . . .     Faith    .   b - +1 leather armour
rPois    .         Spirit   .   (no helmet)
rElec    .         Reflect  .   (no cloak)
rCorr    .         Harm     .   (no gloves)
MR       .....                  (no boots)
Stlth    ++........             (no amulet)
Regen    0.0/turn               (no ring)
MPRegen  0.2/turn               (no ring)

@: lethally poisoned (0 -> -2)
A: carnivore 3, inhibited regeneration, strong 1
a: no special abilities


You were in a sewer.
You were not hungry.

You visited 1 branch of the dungeon, and saw 3 of its levels.
You also visited: Sewer.

You collected 72 gold pieces.

Inventory:

Hand Weapons
 a - a +0 short sword (weapon)
Missiles
 e - 5 tomahawks of dispersal (quivered)
 l - 6 poisoned needles
Armour
 b - a +1 leather armour (worn)
Jewellery
 k - a +4 ring of protection {unknown}
Potions
 d - a potion of magic {unknown}
Books
 c - a book of Spatial Translocations

   Spells                             Type                      Level
   a - Blink                          Translocation                2
   b - Shroud of Golubria             Charms/Translocation         2
   c - Lesser Beckoning               Translocation                3
   d - Gell's Gravitas                Translocation                3
   e - Teleport Other                 Translocation                3
   f - Passage of Golubria            Translocation                4
Comestibles
 f - 2 meat rations
 i - a royal jelly


   Skills:
 + Level 2.7 Fighting
 + Level 3.9 Short Blades
 + Level 1.2 Throwing
 + Level 1.2 Armour
 + Level 3.3 Dodging
 + Level 1.1 Stealth
 + Level 2.5 Spellcasting
 + Level 0.7 Charms
 + Level 3.2 Translocations


You had 2 spell levels left.
You knew the following spells:

 Your Spells              Type           Power        Failure   Level  Hunger
a - Shroud of Golubria    Chrm/Tloc      #.........   21%         2    ###....
b - Gell's Gravitas       Tloc           ##........   24%         3    ###....
c - Blink                 Tloc           N/A          12%         2    ###....


Dungeon Overview and Level Annotations

Branches:
Dungeon (3/15)

Altars:
Elyvilon
Yredelemnul
The Shining One


Innate Abilities, Weirdness & Mutations

You are small and have problems with some larger weapons.
You are carnivorous and can eat meat at any time.
You do not regenerate when monsters are visible.
Your muscles are strong. (Str +2)


Message History

It is a scroll of enchant armour.
Your +0 leather armour glows green for a moment.
Your surroundings suddenly seem different.
Your shroud unravels.
A frilled lizard comes into view.
The frilled lizard hisses angrily.
Found a fizzy emerald potion.
A kobold comes into view.
* * * LOW HITPOINT WARNING * * *
You feel sick.
The kobold wields a blowgun.
The kobold shoots a poisoned needle.
The poisoned needle completely misses you.
You enter the shallow water.
Moving in this stuff is going to be slow.
The kobold shoots a poisoned needle.
The poisoned needle closely misses you.
You see here a fizzy emerald potion.
d - a fizzy emerald potion The kobold shoots a poisoned needle.
The poisoned needle barely misses you.
The frilled lizard bites you but does no damage.
You die...

###### ## #≈#≈≈###
## #≈≈#≈≈≈≈#(##.##
≈≈≈≈≈≈≈.......#
≈≈≈≈≈≈≈..≈.@..#
≈≈≈≈≈≈....≈.PP#
#######..≈l..P≈≈≈≈
≈≈≈≈.PP≈..P####
####P.P..K≈≈#
≈PP#≈#≈..≈.#
≈≈≈P#≈#.≈≈.≈#
≈≈≈≈≈#≈#≈≈≈≈..#
≈≈≈≈≈#≈#≈≈≈≈≈≈≈


You could see a kobold and a frilled lizard.

Vanquished Creatures
  2 adders
  2 oozes (D:2)
  A worm (D:2)
  3 dart slugs
  A leopard gecko (D:1)
  A ball python (D:2)
  7 bats
  4 giant cockroaches
  8 goblins
  6 hobgoblins
  9 jackals
  7 kobolds
  5 frilled lizards
  12 rats
68 creatures vanquished.

Notes
Turn   | Place    | Note
-------+----------+-------------------------------------------
     0 | D:1      | Hvezdomuz the Kobold Warper began the quest for the Orb.
     0 | D:1      | Reached XP level 1. HP: 12/12 MP: 3/3
    72 | D:1      | Reached XP level 2. HP: 13/17 MP: 5/5
   111 | D:1      | Learned a level 2 spell: Shroud of Golubria
   672 | D:1      | Reached XP level 3. HP: 13/21 MP: 0/6
   731 | D:1      | Learned a level 3 spell: Gell's Gravitas
  1340 | D:1      | Reached skill level 1 in Armour
  1526 | D:2      | Reached XP level 4. HP: 22/27 MP: 3/7
  1714 | D:2      | Reached skill level 1 in Stealth
  1721 | D:2      | Learned a level 2 spell: Blink
  1928 | D:2      | Found a glowing golden altar of the Shining One.
  2140 | D:2      | Found a basalt altar of Yredelemnul.
  2207 | D:2      | Found a white marble altar of Elyvilon.
  2280 | D:3      | Found a glowing drain.
  2292 | Sewer    | Entered a sewer
  2322 | Sewer    | Gained mutation: You do not regenerate when monsters are visible. [potion of mutation]
  2322 | Sewer    | Gained mutation: Your muscles are strong. (Str +2) [potion of mutation]
  2323 | Sewer    | Reached XP level 5. HP: 3/31 MP: 2/8
  2329 | Sewer    | HP: 1/31 [poisoned by an adder]
  2332 | Sewer    | Succumbed to an adder's poison

Skill      XL: |  1  2  3  4 |
---------------+-------------+-----
Short Blades   | 3 |  3.9
Dodging        | 3 |  3.3
Armour         | 1 |  1.2
Stealth        | 1 |  1.1
Fighting       | |  2.7
Throwing       | |  1.2
Spellcasting   | |  2.5
Charms         | |  0.7
Translocations | |  3.2

Action                   |  1- 3 |  4- 6 || total
-------------------------+-------+-------++-------
Melee: Short sword       |   194 |   110 ||   304
 Cast: Shroud of Golubri |     9 |     9 ||    18
       Gell's Gravitas   |     1 |     4 ||     5
       Blink             |       |     1 ||     1
  Use: Scroll            |       |     4 ||     4
       Potion            |       |     1 ||     1
 Stab: Sleeping          |     1 |     1 ||     2
  Eat: Chunk             |     4 |     4 ||     8
Armor: Leather armour    |    58 |    21 ||    79
Dodge: Dodged            |   226 |    99 ||   325
